 Dungeon Crawl Stone Soup version 0.29.1-1-gd02db6906a (webtiles) character file.

Game seed: 12002767433277856588

30 Ashen the Chiller (level 3, 0/24 HPs)
             Began as a Demonspawn Ice Elementalist on Oct 21, 2022.
             Slain by a hobgoblin (1 damage)
             ... on level 1 of the Dungeon.
             The game lasted 00:02:06 (1029 turns).

Ashen the Chiller (Demonspawn Ice Elementalist)     Turns: 1029, Time: 00:02:07

Health: 0/24       AC:  4    Str:  6 (8)  XL:     3   Next: 5%
Magic:  0/6        EV: 12    Int: 17 (18) God:
Gold:   15         SH:  0    Dex: 11 (13) Spells: 5/6 levels left

rFire   . . .      SeeInvis .   (no weapon)
rCold   . . .      Faith    .   (no shield)
rNeg    . . .      Spirit   .   a - +0 robe
rPois   .          Reflect  .   (no helmet)
rElec   .          Harm     .   (no cloak)
rCorr   .          Rampage  .   (no gloves)
Will    .....                   (no boots)
Stlth   ++........              (no amulet)
HPRegen 0.08/turn               (no ring)
MPRegen 0.10/turn               (no ring)

@: no status effects
A: molten scales 1
a: no special abilities


You were on level 1 of the Dungeon.
You visited 1 branch of the dungeon, and saw 1 of its levels.

You collected 15 gold pieces.

Inventory:

Armour
 a - a +0 robe (worn)
Scrolls
 c - 2 scrolls of teleportation {unknown}
 f - a scroll of blinking {unknown}
Potions
 d - a potion of degeneration
 e - a potion of curing {unknown}
 g - a potion of flight {unknown}


   Skills:
 + Level 2.2 Dodging
 + Level 2.2 Stealth
 + Level 2.3 Spellcasting
 + Level 3.8 Ice Magic


You had 5 spell levels left.
You knew the following spells:

 Your Spells              Type           Power      Damage    Failure   Level
a - Freeze                Ice            60%        1d8       3%          1

Your spell library contained the following spells:

 Spells                   Type           Power      Damage    Failure   Level
 Frozen Ramparts          Ice            30%        1d5       12%         3
 Ozocubu's Armour         Ice            15%        N/A       12%         3
 Gell's Gravitas          Tloc           2%         N/A       50%         3
 Teleport Other           Tloc           2%         N/A       50%         3
 Hailstorm                Conj/Ice       8%         3d4       63%         4
 Dispersal                Tloc           1%         N/A       100%        6


Dungeon Overview and Level Annotations

Branches:
Dungeon (1/15)

Altars:


Innate Abilities, Weirdness & Mutations

You are partially covered in molten scales. (AC +2)


Message History

You kill the rat!
The quokka bites you. x2
* * * LOW HITPOINT WARNING * * *
The kobold barely misses you.
You have reached level 3!
Your experience leads to an increase in your attributes!
Increase (S)trength, (I)ntelligence, or (D)exterity?
You feel clever. x2
Casting: Freeze (safe; 3% risk of failure)
Confirm with . or Enter, or press ? or * to list all spells.
Aiming: Freeze (safe; 3% risk of failure)
Press: ? - help, Shift-Dir - straight line, f - kobold
Aim: a kobold, wielding a +0 dagger You freeze the kobold!
You kill the kobold!
The quokka bites you.
* * * LOW HITPOINT WARNING * * *
Casting: Freeze (safe; 3% risk of failure)
Confirm with . or Enter, or press ? or * to list all spells.
Aiming: Freeze (safe; 3% risk of failure)
Press: ? - help, Shift-Dir - straight line, f - quokka
Aim: a quokka You freeze the quokka.
You kill the quokka!
Casting: Freeze (safe; 3% risk of failure)
Confirm with . or Enter, or press ? or * to list all spells.
Aiming: Freeze (safe; 3% risk of failure)
Press: ? - help, Shift-Dir - straight line, f - hobgoblin
Aim: a hobgoblin You freeze the hobgoblin.
The hobgoblin is almost dead.
The hobgoblin hits you.
* * * LOW HITPOINT WARNING * * *
The rat bites you but does no damage.
Your magical contamination has completely faded away.
It was a potion of degeneration.
There was something very wrong with that liquid.
You feel weakened.
You feel dopey.
You feel clumsy. The hobgoblin hits you.
You die...

.. .. .# .#+## ...#
#.####..# #.....†g#
##### # #@#...... #
########r#......
######..........K....K..
........................
.#####.########.........
...###.#####............
.....#...........#......
#.##.#...........#......
.##.............#......


You could see a hobgoblin, a kobold and a rat.

Vanquished Creatures
  A ball python (D:1)
  2 endoplasms (D:1)
  4 giant cockroaches (D:1)
  A goblin (D:1)
  2 hobgoblins (D:1)
  7 jackals (D:1)
  A quokka (D:1)
  2 frilled lizards (D:1)
  2 kobolds (D:1)
  4 rats (D:1)
26 creatures vanquished.

Notes
Turn   | Place    | Note
-------+----------+-------------------------------------------
     0 | D:1      | Ashen the Demonspawn Ice Elementalist began the quest for
                  | the Orb.
     0 | D:1      | Reached XP level 1. HP: 13/13 MP: 3/3
   452 | D:1      | Gained mutation: You are partially covered in molten
                  | scales. (AC +2) [demonic ancestry]
   452 | D:1      | Reached XP level 2. HP: 8/19 MP: 0/5
  1026 | D:1      | Reached XP level 3. HP: 5/24 MP: 3/6
  1028 | D:1      | HP: 1/24 [hobgoblin (3)]
  1029 | D:1      | Slain by a hobgoblin

Illustrated notes

Levels and vault maps discovered:
D:1:      matt_arrival_spirals, layout_basic, nicolae_ecumenical_snake_handling

Skill      XL: |  1 |
---------------+----+-----
Dodging        | 2 |  2.2
Stealth        | 2 |  2.2
Spellcasting   | |  2.3
Ice Magic      | |  3.8

Action                   || total
-------------------------++-------
Melee: Unarmed           ||    30
 Cast: Freeze            ||    35
  Use: Potion            ||     2
 Stab: Sleeping          ||     1
Armor: Robe              ||    18
Dodge: Dodged            ||    49
